 Dungeon Crawl Stone Soup version 0.29-a0-598-gd8304a5bf4 (webtiles) character file.

Game seed: 8675242202241094358

6294 croobank the Sneak (level 10, -2/83 HPs)
             Began as a Demigod Fire Elementalist on June 15, 2022.
             Slain by Amaemon
             ... wielding a -1 demon whip of venom
              (8 damage)
             ... on level 9 of the Dungeon.
             The game lasted 00:45:36 (10163 turns).

croobank the Sneak (Demigod Fire Elementalist)     Turns: 10163, Time: 00:45:37

Health: -2/83      AC:  9    Str: 13    XL:     10   Next: 37%
Magic:  22/22      EV: 14    Int: 29    God:
Gold:   565        SH:  0    Dex: 14    Spells: 0/20 levels left

rFire   . . .      SeeInvis +   R - +11 rapier of Inconvenience {vorpal, rC+ Str+4}
rCold   + . .      Faith    .   (no shield)
rNeg    . . .      Spirit   .   S - +0 troll leather armour
rPois   .          Reflect  .   q - +0 helmet
rElec   .          Harm     .   n - +2 cloak
rCorr   .          Rampage  .   J - +0 pair of gloves
Will    +....                   (no boots)
Stlth   +++.......              (no amulet)
HPRegen 1.03/turn               h - ring of wizardry
MPRegen 0.18/turn               z - ring of see invisible

@: mighty, lethally poisoned (-2 -> -38)
A: high MP 1, forlorn, divine attributes
a: no special abilities


You were on level 9 of the Dungeon.
You visited 1 branch of the dungeon, and saw 10 of its levels.

You collected 588 gold pieces.
You spent 23 gold pieces at shops.

Inventory:

Hand Weapons
 e - a +2 vampiric short sword
 f - a +1 dagger of freezing
 s - a +0 bardiche
 y - a +3 spectral quarterstaff
 A - a +0 war axe
 D - a +3 mace
 H - a +1 shortbow of flaming
 K - a +0 antimagic hand axe
 L - a +3 hand axe of freezing
 M - a +1 hunting sling of freezing
 N - a +6 short sword of venom
 P - a +2 dire flail
 Q - a +0 falchion of electrocution
 R - the +11 rapier of Inconvenience (weapon) {vorpal, rC+ Str+4}
   (You found it on level 9 of the Dungeon)

   It inflicts extra damage upon your enemies.
   Str:       It affects your strength (+4).
   rC:        It protects you from cold.
Missiles
 i - 11 poisoned darts
Armour
 a - a +0 robe
 j - an orb of wrath
 n - a +2 cloak (worn)
 p - a +0 ring mail
 q - a +0 helmet (worn)
 x - a +0 leather armour
 J - a +0 pair of gloves (worn)
 S - a +0 troll leather armour (worn)
Magical Staves
 E - a staff of poison
Jewellery
 h - a ring of wizardry (left hand)
 z - a ring of see invisible (right hand)
Wands
 r - a wand of charming (2)
 F - a wand of digging (6)
 T - a wand of iceblast (4)
Scrolls
 c - a scroll of identify
 g - 2 scrolls of vulnerability
 u - 2 scrolls of fog
 v - 2 scrolls of enchant armour
 B - a scroll of magic mapping
 I - a scroll of amnesia
 O - a scroll of immolation
Potions
 b - 2 potions of magic
 d - 4 potions of resistance
 k - 2 potions of mutation
 l - 2 potions of might
 m - 4 potions of heal wounds
 o - 6 potions of attraction
 t - 2 potions of lignification
 w - 4 potions of ambrosia
 C - 4 potions of flight
 G - 2 potions of curing
 V - a potion of brilliance


   Skills:
 + Level 5.9 Fighting
 + Level 6.2 Dodging
 + Level 6.8 Stealth
 + Level 5.8 Spellcasting
 - Level 5.7 Conjurations
 + Level 1.0 Summonings
 + Level 6.5 Fire Magic
 + Level 0.9 Air Magic
 + Level 1.0 Poison Magic


You couldn't memorise any spells.
You knew the following spells:

 Your Spells              Type           Power      Damage    Failure   Level
a - Foxfire               Conj/Fire      100%       2x1d9     1%          1
b - Scorch                Fire           92%        2d10      1%          2
c - Flame Wave            Conj/Fire      44%        2d10      2%          4
d - Poisonous Vapours     Pois/Air       28%        N/A       3%          2
e - Call Canine Familiar  Summ           14%        N/A       6%          3
f - Olgreb's Toxic Radia  Pois           14%        N/A       19%         4
g - Summon Lightning Spi  Summ/Air       14%        N/A       19%         4

Your spell library contained the following spells:

 Spells                   Type           Power      Damage    Failure   Level
 Summon Small Mammal      Summ           56%        N/A       1%          1
 Conjure Flame            Conj/Fire      44%        6-21      1%          3
 Sting                    Tmut/Pois      44%        1d5       2%          1
 Inner Flame              Hex/Fire       27%        N/A       2%          3
 Ensorcelled Hibernation  Hex/Ice        16%        N/A       4%          2
 Sublimation of Blood     Necr           8%         N/A       4%          2
 Wereblood                Tmut           8%         N/A       4%          2
 Spider Form              Tmut/Pois      11%        N/A       8%          3
 Summon Guardian Golem    Hex/Summ       11%        N/A       8%          3
 Airstrike                Air            6%         N/A       21%         4
 Lightning Bolt           Conj/Air       13%        1d27      21%         5
 Anguish                  Hex/Necr       4%         N/A       28%         4
 Summon Cactus Giant      Summ           7%         N/A       94%         6
 Summon Hydra             Summ           7%         N/A       100%        7


Dungeon Overview and Level Annotations

Branches:
Dungeon (10/15)            Temple (0/1) D:7
   Lair: D:8-11         Orc: D:9-12

Shops:
D:5 *

Annotations:
D:9 Amaemon


Innate Abilities, Weirdness & Mutations

You have an increased reservoir of magic. (+10% MP)
You shall have no god before yourself.
Your divine heritage dramatically boosts your attributes as you level up.


Message History

Amaemon is lightly wounded.
You feel very sick. Amaemon closely misses you. x2
Amaemon tail-slaps you but does no damage.
The orange demon stings you but does no damage.
You hit Amaemon.
Amaemon is moderately wounded.
You feel very sick. Amaemon closely misses you. Amaemon completely misses you.
Amaemon tail-slaps you but does no damage.
The orange demon stings you from afar!
You puncture Amaemon!
Amaemon is moderately wounded.
You feel very sick.
Amaemon hits you with a -1 demon whip of venom.
You are more poisoned.
Amaemon claws you but does no damage. Amaemon tail-slaps you.
You are more poisoned.
Amaemon poisons you! The orange demon misses you.
You impale Amaemon!!
Amaemon is heavily wounded.
You feel extremely sick.
Amaemon mumbles some strange words.
The orange demon stings you from afar!
You closely miss Amaemon.
Amaemon is heavily wounded.
You feel extremely sick.
The orange demon no longer looks unusually toxic.
Amaemon hits you with a -1 demon whip of venom!
* * * LOW HITPOINT WARNING * * *
You are lethally poisoned!
Amaemon claws you but does no damage.
Amaemon tail-slaps you but does no damage.
The orange demon stings you from afar.
* * * LOW HITPOINT WARNING * * *
The scorpion barely misses you. The orange demon stings you from afar.
* * * LOW HITPOINT WARNING * * *
You are more poisoned.
The orange demon poisons you! Amaemon closely misses you. Amaemon claws you!
You die...

# #..#.###.###.#####..#
#####..#.........# #..#
#............###.# #..#
##..)............# #..#
#...............#####..####
#.....#...................#
#.....#.###.....#####..#.##
#....##.....##..# #..#.#
#....######....@# #....#
#....# #.##s6# ##.#.#
#....# #.##s4# #.#.# ####.#
#.##.s# #.#.# #.#
#..########.#### #.#
#..............# #.#
#.#########.####
#.#########.# #.#
#...........# #.#


You could see Amaemon, an orange demon and 3 scorpions.

Vanquished Creatures
  2 trolls
  Grinder (D:3)
  Prince Ribbit (D:6)
  A shadow (D:9)
  A wraith (D:9)
  2 water moccasins (D:8)
  4 black bears
  An orc warrior (D:6)
  4 sky beasts
  8 centaurs
  4 ogres
  4 phantoms
  Blork the orc (D:6)
  2 kobold brigands
  4 necrophages
  3 scorpions
  5 wights
  18 killer bees
  2 howler monkeys (D:8)
  6 crimson imps (D:8)
  2 jellies
  6 orc priests
  7 hounds
  A gnoll shaman (D:6)
  4 iguanas
  5 orc wizards
  Robin (D:4)
  3 gnolls (D:6)
  8 adders
  3 shadow imps
  2 white imps
  3 ufetubi
  22 orcs
  7 ball pythons
  4 endoplasms
  12 goblins
  12 hobgoblins
  4 jackals (D:2)
  3 quokkas
  5 bats
  A frilled lizard (D:2)
  11 kobolds
  3 rats
203 creatures vanquished.

Vanquished Creatures (others)
  277 foxfires
277 creatures vanquished.

Grand Total: 480 creatures vanquished

Notes
Turn   | Place    | Note
-------+----------+-------------------------------------------
     0 | D:1      | croobank the Demigod Fire Elementalist began the quest for
                  | the Orb.
     0 | D:1      | Reached XP level 1. HP: 14/14 MP: 5/5
   336 | D:1      | Reached skill level 1 in Conjurations
   539 | D:1      | Reached XP level 2. HP: 22/22 MP: 2/7
   542 | D:1      | Learned a level 2 spell: Scorch
  1217 | D:2      | Reached skill level 1 in Fighting
  1217 | D:2      | Reached XP level 3. HP: 28/28 MP: 1/8
  1976 | D:3      | Reached XP level 4. HP: 35/35 MP: 4/10
  2022 | D:3      | Noticed Grinder
  2024 | D:3      | Paralysed by Grinder for 2 turns
  2034 | D:3      | HP: 1/35 [Grinder (13)]
  2035 | D:3      | Killed Grinder
  2036 | D:3      | Reached XP level 5. HP: 2/41 MP: 1/12
  2413 | D:3      | Learned a level 4 spell: Flame Wave
  2860 | D:4      | Noticed a sky beast
  2861 | D:4      | Reached XP level 6. HP: 48/48 MP: 6/13
  2864 | D:4      | Learned a level 2 spell: Poisonous Vapours
  3042 | D:4      | Noticed Robin
  3061 | D:4      | Killed Robin
  3741 | D:4      | Reached XP level 7. HP: 56/56 MP: 9/14
  3944 | D:5      | Entered Level 5 of the Dungeon
  4596 | D:5      | Reached XP level 8. HP: 63/63 MP: 7/17
  5175 | D:5      | Reached skill level 5 in Stealth
  5175 | D:5      | Reached skill level 5 in Fire Magic
  5259 | D:5      | Found Xuzxig's Assorted Antiques.
  5268 | D:5      | Bought a scroll labelled VUPPUSOYNG for 23 gold pieces
  5484 | D:5      | Learned a level 3 spell: Call Canine Familiar
  5765 | D:6      | Noticed Prince Ribbit
  5769 | D:6      | Killed Prince Ribbit
  5779 | D:6      | Reached XP level 9. HP: 61/72 MP: 2/19
  5946 | D:6      | Reached skill level 5 in Dodging
  6594 | D:6      | Noticed Blork the orc
  6604 | D:6      | Killed Blork the orc
  6946 | D:7      | Reached skill level 5 in Conjurations
  7016 | D:7      | Reached skill level 5 in Spellcasting
  7085 | D:7      | Found a staircase to the Ecumenical Temple.
  7094 | D:7      | Reached skill level 5 in Fighting
  8391 | D:8      | Learned a level 4 spell: Olgreb's Toxic Radiance
  8435 | D:8      | Reached XP level 10. HP: 46/81 MP: 21/21
  9073 | D:9      | Identified the +11 rapier of Inconvenience {vorpal, rC+
                  | Str+4}
  9381 | D:9      | Learned a level 4 spell: Summon Lightning Spire
  9409 | D:9      | Noticed Amaemon
  9829 | D:10     | Entered Level 10 of the Dungeon
  9897 | D:10     | Reached skill level 1 in Summonings
  9897 | D:10     | Reached skill level 1 in Poison Magic
  9993 | D:10     | Noticed a two-headed ogre
 10163 | D:9      | Slain by Amaemon

Illustrated notes

Levels and vault maps discovered:
D:1:      dpeg_arrival_court, layout_basic, kennysheep_nondescript,
          chequers_serial_rivers_small_a, grunt_decor_mini_mirrors
D:2:      layout_basic, basic_ecumenical_altar
D:3:      layout_rooms, nicolae_gozag_cash_rules_everything_around_me,
          lemuel_blue_sif_altar, dreamdust_princess_corridor, uniq_grinder
D:4:      layout_basic, chequers_temple_overflow_minitemple,
          hangedman_decor_lopped, uniq_robin
D:5:      cheibrodos_fzero, layout_rooms, serial_shops, nicolae_lakefront_shop
D:6:      layout_loops_ring, elyvilon_altar_5, uniq_blork_the_orc,
          uniq_prince_ribbit1
D:7:      layout_loops_ring, minmay_temple_entry_statues_pillars
D:8:      layout_basic, minivault_27, minmay_nine_imps
D:9:      layout_basic, bloody_trog, nicolae_ru_awakened_eye,
          old_standard_altar, mainiacjoe_overflow_catwalk, uniq_amaemon
D:10:     layout_rooms, nicolae_uskayaw_dance_hall, evilmike_ruin_ashenzari,
          lair_entry_dummy, zombieorc2_lemuel

Skill      XL: |  1  2  3  4  5  6  7  8  9 10 |
---------------+-------------------------------+-----
Conjurations   | 1 2 3 4 5 |  5.7
Dodging        | 2 3 4 5 6 |  6.2
Stealth        | 2 3 4 5 6 |  6.8
Spellcasting   | 2 3 4 5 |  5.8
Fighting       | 1 2 3 4 5 |  5.9
Fire Magic     | 3 4 5 6 |  6.5
Summonings     | 1 |  1.0
Poison Magic   | 1 |  1.0
Air Magic      | |  0.9

Action                   |  1- 3 |  4- 6 |  7- 9 | 10-12 || total
-------------------------+-------+-------+-------+-------++-------
Melee: Short sword       |     2 |       |       |       ||     2
       Dagger            |    23 |    14 |       |       ||    37
       Quarterstaff      |       |       |    85 |     9 ||    94
       Rapier            |       |       |       |    67 ||    67
       Punch             |       |       |       |     1 ||     1
 Cast: Foxfire           |    42 |    33 |    79 |    20 ||   174
       Scorch            |    15 |    19 |    80 |    18 ||   132
       Flame Wave        |       |     1 |     3 |     1 ||     5
  Use: Scroll            |     6 |     9 |     7 |     7 ||    29
       Potion            |       |       |     1 |     2 ||     3
 Stab: Sleeping          |       |       |     1 |       ||     1
       Distracted        |       |       |       |     1 ||     1
Armor: Robe              |     4 |     1 |       |       ||     5
       Leather armour    |       |       |    52 |     2 ||    54
       Troll leather arm |       |       |       |    44 ||    44
Dodge: Dodged            |    15 |    19 |    90 |   107 ||   231

Table legend: (Time is in decaauts)
 A = Elapsed time spent in this place.
 B = Non-inter-level travel time spent in this place.
 C = Inter-level travel time spent in this place.
 D = Time resting spent in this place.
 E = Time spent auto-exploring this place.
 F = Levels seen in this place.
 G = Mean time per level.
                   A        B        C        D        E       F      G
               +--------+--------+--------+--------+--------+-----+--------+
         Total |  10202 |   9858 |    344 |   2325 |   5296 |  10 | 1020.2 |
       Dungeon |  10202 |   9858 |    344 |   2325 |   5296 |  10 | 1020.2 |
               +--------+--------+--------+--------+--------+-----+--------+

Top non-repeatable levels by time:
     D:5: 1674 daAuts
     D:3: 1200 daAuts
     D:7: 1153 daAuts
     D:4: 1138 daAuts
     D:8: 1118 daAuts
     D:6: 993 daAuts
     D:1: 928 daAuts
     D:9: 905 daAuts
     D:2: 835 daAuts
    D:10: 253 daAuts
